 Dungeon Crawl Stone Soup version 0.25-a0-277-g7046ed1b37 (webtiles) character file.

Game seed: 2023999107893933051, levelgen mode: deterministic

753 Essalna the Chiller (level 7, -2/46 HPs)
             Began as a Merfolk Ice Elementalist on Dec 9, 2019.
             Was a Follower of Hepliaklqana.
             Shot with an arrow by a centaur (3 damage)
             ... on level 5 of the Dungeon.
             The game lasted 00:16:51 (4891 turns).

Essalna the Chiller (Merfolk Ice Elementalist)      Turns: 4891, Time: 00:16:51

Health: -2/46      AC:  3    Str:  8    XL:     7   Next: 79%
Magic:  13/13      EV: 15    Int: 16    God:    Hepliaklqana [*.....]
Gold:   256        SH:  0    Dex: 15    Spells: 9/14 levels left

rFire    . . .     SeeInvis .   p - +0 halberd
rCold    + . .     Gourm    .   (shield currently unavailable)
rNeg     . . .     Faith    .   a - +0 robe
rPois    .         Spirit   .   (no helmet)
rElec    .         Reflect  .   (no cloak)
rCorr    .         Harm     .   y - +0 pair of gloves
MR       .....                  (no boots)
Stlth    ++........             (no amulet)
HPRegen  0.15/turn              (no ring)
MPRegen  0.13/turn              q - ring of protection from cold

@: about to teleport
A: change form in water, swift swim, stealthy swim, reduced essence
a: Recall Ancestor, Ancestor Identity, Renounce Religion


You were on level 5 of the Dungeon.
You worshipped Hepliaklqana.
Hepliaklqana was aware of your devotion.
You were not hungry.

You visited 1 branch of the dungeon, and saw 5 of its levels.

You collected 256 gold pieces.

Inventory:

Hand Weapons
 p - a +0 halberd (weapon)
Armour
 a - a +0 robe (worn)
 y - a +0 pair of gloves (worn)
Jewellery
 q - a ring of protection from cold (right hand)
 r - a cursed ring of protection from cold
Scrolls
 d - 3 scrolls of identify
 k - a scroll of immolation {unknown}
 o - 2 scrolls of enchant weapon {unknown}
 t - 2 scrolls of magic mapping {unknown}
 u - a scroll of remove curse
Potions
 b - 2 potions of curing
 e - a potion of flight {unknown}
 f - a potion of brilliance {unknown}
 g - 2 potions of haste {unknown}
 h - a potion of invisibility {unknown}
 i - a potion of agility {unknown}
 j - 2 potions of degeneration {unknown}
 l - 2 potions of might {unknown}
 m - a potion of mutation {unknown}
 n - a potion of ambrosia {unknown}
 s - a potion of cancellation {unknown}
 v - a potion of heal wounds {unknown}
 w - a potion of resistance {unknown}
Comestibles
 c - 5 rations
 z - 5 chunks of flesh


   Skills:
 + Level 3.0 Fighting
 + Level 3.3 Polearms
 + Level 5.6 Dodging
 - Level 2.1 Stealth
 + Level 4.0 Spellcasting
 + Level 2.2 Conjurations
 + Level 6.0 Ice Magic


You had 9 spell levels left.
You knew the following spells:

 Your Spells              Type           Power        Failure   Level  Hunger
a - Freeze                Ice            ###.         1%          1    None
b - Hailstorm             Conj/Ice       ###.....     30%         4    ####...

Your spell library contained the following spells:

 Spells                   Type           Power        Failure   Level  Hunger
 Ozocubu's Armour         Chrm/Ice       ##......     14%         3    ###....
 Summon Ice Beast         Ice/Summ       ##......     43%         4    ####...


Dungeon Overview and Level Annotations

Branches:
Dungeon (5/15)             Temple (0/1) D:4

Altars:
Dithmenos
Hepliaklqana
Nemelex Xobeh
Okawaru
Ru
Trog
Xom

Shops:
D:4 (


Message History

Attack!
The centaur shoots an arrow.
The arrow hits Xochitl!
The centaur shoots an arrow.
The arrow closely misses Xochitl.
The arrow misses you.
Xochitl hits the centaur.
The centaur unwields a +0 shortbow.
The centaur closely misses Xochitl.
Xochitl closely misses the centaur.
The centaur wields a +0 shortbow.
The centaur shoots an arrow.
The arrow hits Xochitl!
Xochitl hits the centaur but does no damage.
The centaur shoots an arrow.
The arrow hits Xochitl!
Okay, then.
Welcome back, Essalna the Merfolk Ice Elementalist.
Hepliaklqana says: Your past becomes your present!
Press ? for a list of commands and other information.
As you read the scroll of teleportation, it crumbles to dust.
You feel strangely unstable.
The orc hits Xochitl with a +0 flail!
Xochitl is destroyed!
The centaur shoots an arrow.
The arrow hits you!
* * * LOW HITPOINT WARNING * * *
The centaur shoots an arrow.
The arrow hits you.
You die...

#.#####....._....###.
#.#...)>...#.#<..# #.
#.#[##).##....##.###.
#.#.##..##....##.....
#.#.#############...#
#...#8###8###8####.##
#..........(...##....
###..(.....o..$8#....
#.@.(....c$..###.##
#.#8###8##(..##....
#.### ####...###.##
#.# 8...⌠##.## #.#
##c..##..## #..
#o..##.... ##
#...##..#. 8.=.8#..#.
#..!##...)


You could see a centaur and an orc.

Vanquished Creatures
  An ice beast (D:5)
  A scorpion (D:5)
  2 howler monkeys
  A crimson imp (D:4)
  A jelly (D:5)
  2 worker ants
  3 gnolls
  7 adders
  A worm (D:3)
  A dart slug (D:1)
  5 leopard geckos
  11 orcs
  2 ball pythons
  8 bats
  2 giant cockroaches
  7 goblins
  8 hobgoblins
  4 jackals (D:3)
  3 quokkas
  4 frilled lizards
  A jackal skeleton (D:4)
  5 kobolds
  8 rats
88 creatures vanquished.

Vanquished Creatures (collateral kills)
  A phantom (D:4)
  An ogre (D:4)
  An orc wizard (D:4)
  A worker ant (D:5)
  A worm (D:5)
5 creatures vanquished.

Vanquished Creatures (others)
  2 ancestors (D:5)
2 creatures vanquished.

Grand Total: 95 creatures vanquished

Notes
Turn   | Place    | Note
-------+----------+-------------------------------------------
     0 | D:1      | Essalna the Merfolk Ice Elementalist began the quest for
                  | the Orb.
     0 | D:1      | Reached XP level 1. HP: 13/13 MP: 3/3
   124 | D:1      | Reached XP level 2. HP: 19/19 MP: 1/5
   462 | D:1      | Reached XP level 3. HP: 23/24 MP: 3/6
  1345 | D:3      | Reached skill level 5 in Ice Magic
  1345 | D:3      | Reached XP level 4. HP: 30/30 MP: 4/8
  1360 | D:2      | Learned a level 4 spell: Hailstorm
  2011 | D:2      | Reached XP level 5. HP: 26/36 MP: 3/9
  2164 | D:3      | Found an iron altar of Okawaru.
  2164 | D:3      | Found a sparkling altar of Nemelex Xobeh.
  2164 | D:3      | Found a shadowy altar of Dithmenos.
  2164 | D:3      | Found a shimmering altar of Xom.
  2188 | D:3      | Reached skill level 1 in Fighting
  2734 | D:3      | Reached skill level 1 in Conjurations
  2965 | D:3      | Found a sacrificial altar of Ru.
  3152 | D:4      | Found a hazy altar of Hepliaklqana.
  3209 | D:4      | Became a worshipper of Hepliaklqana the Forgotten
  3261 | D:4      | Found a staircase to the Ecumenical Temple.
  3273 | D:4      | Reached XP level 6. HP: 17/38 MP: 7/10
  3566 | D:4      | Reached skill level 1 in Polearms
  3604 | D:4      | Found Ceaxkygh's Antique Weapon Shoppe.
  3936 | D:4      | Noticed a phantom
  3980 | D:4      | Killed a phantom
  3980 | D:4      | Reached skill level 5 in Dodging
  4289 | D:4      | Reached XP level 7. HP: 42/45 MP: 12/12
  4565 | D:5      | Entered Level 5 of the Dungeon
  4698 | D:5      | Reached * piety under Hepliaklqana
  4803 | D:5      | Found a bloodstained altar of Trog.
  4820 | D:5      | Reached skill level 6 in Ice Magic
  4889 | D:5      | HP: 1/46 [centaur/arrow (13)]
  4891 | D:5      | Shot with an arrow by a centaur

Levels and vault maps discovered:
D:1:      dpeg_arrival_round_c, layout_rooms, grunt_decor_cap
D:2:      layout_loops_ring, kennysheep_generic_room_3
D:3:      layout_rooms, lemuel_coloured_pillars_altar,
          chequers_temple_overflow_statue_of_worship
D:4:      layout_layer_cave, kennysheep_mini_moat,
          minmay_temple_entry_statues_fountains, serial_shops,
          nicolae_shop_window_shopping
D:5:      layout_loops_ring, lemuel_crystal_altar, first_ration,
          corexii_hall_statues_l

Skill      XL: |  1  2  3  4  5  6  7 |
---------------+----------------------+-----
Dodging        | 3 4 5 |  5.6
Ice Magic      | 5 6 |  6.0
Spellcasting   | 3 4 |  4.0
Fighting       | 1 2 3 |  3.0
Conjurations   | 1 2 |  2.2
Polearms       | 2 3 |  3.3
Stealth        | |  2.1

Action                   |  1- 3 |  4- 6 |  7- 9 || total
-------------------------+-------+-------+-------++-------
Melee: Unarmed           |    20 |     2 |       ||    22
       Halberd           |       |    73 |    34 ||   107
 Cast: Freeze            |    54 |    60 |     6 ||   120
  Use: Scroll            |       |     4 |     1 ||     5
       Potion            |       |       |     1 ||     1
 Stab: Sleeping          |     1 |     1 |     4 ||     6
  Eat: Chunk             |     2 |     9 |     2 ||    13
Armor: Robe              |    13 |    16 |     3 ||    32
Dodge: Dodged            |    59 |   102 |    20 ||   181

Table legend:
 A = Non-vault XP
 B = Vault XP
 C = Vault XP percentage of total XP
 D = Non-vault monster count
 E = Vault monster count
 F = Vault count percentage of total count
                 A         B        C        D         E       F
            +---------+---------+-------+---------+---------+-------
      Total |    1077 |       0 |   0.0 |      93 |       0 |   0.0
            +---------+---------+-------+---------+---------+-------
        D:1 |      36 |       0 |   0.0 |      22 |       0 |   0.0
        D:2 |     127 |       0 |   0.0 |      21 |       0 |   0.0
        D:3 |     119 |       0 |   0.0 |      27 |       0 |   0.0
        D:4 |     451 |       0 |   0.0 |      12 |       0 |   0.0
        D:5 |     344 |       0 |   0.0 |      11 |       0 |   0.0
            +---------+---------+-------+---------+---------+-------
